 Dungeon Crawl Stone Soup version 0.30-a0-897-ga2f19c967e (webtiles) character file.

Game seed: 7456926334204282532

509 GenialerGandalf the Chopper (level 7, -1/61 HPs)
             Began as a Hill Orc Fighter on Feb 3, 2023.
             Was a Follower of Beogh.
             Slain by Prince Ribbit (11 damage)
             ... on level 5 of the Dungeon on Mar 18, 2023.
             The game lasted 00:13:40 (3873 turns).

GenialerGandalf the Chopper (Hill Orc Fighter)      Turns: 3873, Time: 00:13:41

Health: -1/61      AC: 13    Str: 21    XL:     7   Next: 19%
Magic:  8/8        EV:  9    Int:  8    God:    Beogh [*.....]
Gold:   131        SH:  4    Dex: 10    Spells: 6/6 levels left

rFire   . . .      SeeInvis .    a - +0 war axe
rCold   . . .      Faith    .    c - +0 buckler
rNeg    . . .      Spirit   .    b - +0 scale mail
rPois   .          Reflect  .    A - +1 helmet
rElec   .          Rampage  .    s - +0 cloak
rCorr   .                        n - +2 pair of gloves
Will    .....                    (no boots) Stlth
                                 (no amulet)
HPRegen 0.30/turn                (no ring)
MPRegen 0.11/turn                (no ring)

@: no status effects
A: no striking features
a: Renounce Religion


You were on level 5 of the Dungeon.
You worshipped Beogh.
Beogh was aware of your devotion.
You visited 1 branch of the dungeon, and saw 5 of its levels.

You collected 131 gold pieces.

Inventory:

Hand Weapons
 a - a +0 war axe (weapon)
 q - the +5 glaive of the Guard {elec, spectral, AC+5}
   (You found it on level 2 of the Dungeon)

   AC:        It affects your AC (+5).
 r - the +6 flail "Lengi" {freeze, rC+ Dex+4}
   (You found it on level 2 of the Dungeon)

   Dex:       It affects your dexterity (+4).
   rC:        It protects you from cold.
 x - the +8 whip of Prudence {elec, rPois rF+ rN++ rCorr}
   (You found it on level 4 of the Dungeon)

   rF:        It protects you from fire.
   rPois:     It protects you from poison.
   rN:        It greatly protects you from negative energy.
   rCorr:     It protects you from acid and corrosion.
Armour
 b - a +0 scale mail (worn)
 c - a +0 buckler (worn)
 n - a +2 pair of gloves (worn)
 s - a +0 cloak (worn)
 z - a +0 plate armour
 A - a +1 helmet (worn)
Jewellery
 e - a ring of protection from fire
 o - a +6 ring of intelligence
 y - a +6 ring of strength
Scrolls
 f - 2 scrolls of poison
 g - a scroll of fog
 h - 3 scrolls of teleportation
 k - a scroll of blinking
 m - a scroll of amnesia
 u - a scroll of vulnerability {unknown}
 B - a scroll of torment {unknown}
Potions
 d - 2 potions of might
 i - a potion of heal wounds {unknown}
 j - a potion of brilliance
 l - a potion of flight
 p - a potion of attraction {unknown}
 t - a potion of haste {unknown}
 v - 3 potions of curing
 w - a potion of ambrosia {unknown}


   Skills:
 * Level 5.2 Fighting
 * Level 6.9 Axes
 * Level 4.5 Armour
 - Level 0.6 Dodging
 * Level 4.2 Shields
 * Level 2.1 Invocations


You had 6 spell levels left.
You didn't know any spells.
Your spell library contained the following spells:

 Spells                   Type           Power      Damage    Failure   Level
 Lesser Beckoning         Tloc           0%         N/A       92%         2
 Gell's Gravitas          Tloc           0%         N/A       99%         3
 Teleport Other           Tloc           0%         N/A       99%         3


Dungeon Overview and Level Annotations

Branches:
Dungeon (5/15)
 Temple: D:4-7

Altars:

Shops:
D:2 :

Annotations:
D:5 Prince Ribbit


Message History

Prince Ribbit gives a loud, deep croak!
Prince Ribbit hits you!
You barely miss Prince Ribbit.
Prince Ribbit blinks!
Prince Ribbit hits you but does no damage.
You barely miss Prince Ribbit. Prince Ribbit hits you.
Prince Ribbit barely misses you.
You closely miss Prince Ribbit. Prince Ribbit hits you!
Prince Ribbit hits you but does no damage.
You slash Prince Ribbit!
Prince Ribbit is lightly wounded.
Prince Ribbit hits you!
You are too injured to fight recklessly!
You are too injured to fight recklessly!
You are too injured to fight recklessly!
You are too injured to fight recklessly!
You are too injured to fight recklessly!
You are too injured to fight recklessly!
You are too injured to fight recklessly!
You are too injured to fight recklessly!
You are too injured to fight recklessly!
You hit Prince Ribbit.
Prince Ribbit is moderately wounded.
Prince Ribbit blinks!
There is an escape hatch in the floor here.
Prince Ribbit hits you!
* * * LOW HITPOINT WARNING * * *
You slash Prince Ribbit!
Prince Ribbit is severely wounded.
Prince Ribbit hits you.
* * * LOW HITPOINT WARNING * * *
Prince Ribbit hits you but does no damage.
You barely miss Prince Ribbit.
Prince Ribbit is severely wounded.
Prince Ribbit hits you but does no damage.
Prince Ribbit hits you.
* * * LOW HITPOINT WARNING * * *
You miss Prince Ribbit.
Prince Ribbit is severely wounded.
Prince Ribbit hits you!
You die...

.....# #......... .....#
###.#.#... .# ######
#.....#.# .#
########.......####.####
........................
...........#........####
...........#........#
...........#....>..$#
...........#....@F..#
...........#............
...........########....#
...........# ....# .....
.... ...


You could see Prince Ribbit.

Vanquished Creatures
  Menkaure (D:5)
  An ogre (D:5)
  A scorpion (D:4)
  A hound (D:4)
  An orc priest (D:5)
  Crazy Yiuf (D:2)
  A jelly (D:5)
  An orc wizard (D:5)
  3 adders
  3 worms
  2 dart slugs (D:1)
  3 orcs
  7 endoplasms
  3 giant cockroaches
  7 goblins
  9 hobgoblins
  3 jackals
  4 kobolds
  4 quokkas
  5 ball pythons
  6 bats
  3 frilled lizards
  9 rats
79 creatures vanquished.

Notes
Turn   | Place    | Note
-------+----------+-------------------------------------------
     0 | D:1      | GenialerGandalf the Hill Orc Fighter began the quest for
                  | the Orb.
     0 | D:1      | Reached XP level 1. HP: 19/19 MP: 1/1
   109 | D:1      | Reached XP level 2. HP: 21/27 MP: 2/2
   853 | D:1      | Reached skill level 3 in Axes
   863 | D:1      | Reached XP level 3. HP: 33/33 MP: 3/3
   907 | D:1      | Upgraded the game from 0.30-a0-739-gea05faddec to
                  | 0.30-a0-883-g5ad918d77d
  1013 | D:2      | Upgraded the game from 0.30-a0-883-g5ad918d77d to
                  | 0.30-a0-897-ga2f19c967e
  1249 | D:2      | Found Cowysif's Book Emporium.
  1461 | D:2      | Found the +5 glaive of the Guard {elec, spectral, AC+5}
  1534 | D:2      | Identified the +6 flail "Lengi" {freeze, rC+ Dex+4}
  1642 | D:2      | Found a runed translucent door.
  1643 | D:2      | Noticed Crazy Yiuf
  1729 | D:2      | Reached XP level 4. HP: 41/41 MP: 4/4
  1878 | D:2      | Killed Crazy Yiuf
  1879 | D:2      | Reached skill level 4 in Axes
  2222 | D:3      | Became a worshipper of Beogh the Brigand
  2575 | D:3      | Reached XP level 5. HP: 47/47 MP: 5/5
  2915 | D:4      | Identified the +8 whip of Prudence {elec, rPois rF+ rN++
                  | rCorr}
  3336 | D:4      | Reached skill level 5 in Axes
  3336 | D:4      | Reached skill level 1 in Invocations
  3635 | D:5      | Entered Level 5 of the Dungeon
  3635 | D:5      | Noticed an ogre
  3740 | D:5      | Reached XP level 6. HP: 50/53 MP: 6/6
  3742 | D:5      | Reached * piety under Beogh
  3743 | D:5      | Reached skill level 6 in Axes
  3745 | D:5      | Reached skill level 5 in Fighting
  3812 | D:5      | Noticed Menkaure
  3817 | D:5      | Killed Menkaure
  3818 | D:5      | Reached XP level 7. HP: 61/61 MP: 8/8
  3859 | D:5      | Noticed Prince Ribbit
  3873 | D:5      | Slain by Prince Ribbit

Illustrated notes

Levels and vault maps discovered:
D:1:      wander_arrival_estate, layout_loops_cross, minmay_quantized
D:2:      layout_loops_ring, serial_shops, nicolae_shop_crystal,
          amcnicky_mini_rare_corridor_liquid, uniq_crazy_yiuf_cottage
D:3:      layout_loops_ring
D:4:      layout_basic
D:5:      old_forge, layout_basic, ebering_ghost_inner_flame, uniq_duvessa,
          uniq_menkaure, uniq_prince_ribbit1

Skill      XL: |  1  2  3  4  5  6 |
---------------+-------------------+-----
Fighting       | 4 5 |  5.2
Axes           | 3 4 5 6 |  6.9
Armour         | 4 |  4.5
Invocations    | 1 2 |  2.1
Shields        | 4 |  4.2
Dodging        | |  0.6

Action                     |  1- 3 |  4- 6 |  7- 9 || total
---------------------------+-------+-------+-------++-------
  Melee: War axe           |   107 |   125 |    13 ||   245
 Invoke: Convert to Beogh  |       |     1 |       ||     1
    Use: Scroll            |       |     8 |       ||     8
 Armour: Scale mail        |    62 |    57 |     7 ||   126
  Dodge: Dodged            |    67 |    59 |     2 ||   128
  Block: Buckler           |    28 |    27 |     1 ||    56

Table legend: (Time is in decaauts)
 A = Elapsed time spent in this place.
 B = Non-inter-level travel time spent in this place.
 C = Inter-level travel time spent in this place.
 D = Time resting spent in this place.
 E = Time spent auto-exploring this place.
 F = Levels seen in this place.
 G = Mean time per level.
                   A        B        C        D        E       F      G
               +--------+--------+--------+--------+--------+-----+--------+
         Total |   3940 |   3789 |    151 |    181 |   2112 |   5 |  788.0 |
       Dungeon |   3940 |   3789 |    151 |    181 |   2112 |   5 |  788.0 |
               +--------+--------+--------+--------+--------+-----+--------+

Top non-repeatable levels by time:
     D:2: 1201 daAuts
     D:1: 950 daAuts
     D:4: 889 daAuts
     D:3: 727 daAuts
     D:5: 172 daAuts
